 Dungeon Crawl Stone Soup version 0.29.1-13-g9f3cf754e1 (webtiles) character file.

Game seed: 1833349716264588340

65 croobank the Conjurer (level 3, -9/25 HPs)
             Began as a Demonspawn Conjurer on Feb 1, 2023.
             Killed by nerve-wracking pain
             ... invoked by Jessica
              (13 damage)
             ... on level 2 of the Dungeon.
             The game lasted 00:04:41 (1850 turns).

croobank the Conjurer (Demonspawn Conjurer)         Turns: 1850, Time: 00:04:42

Health: -9/25      AC:  3    Str:  7    XL:     3   Next: 94%
Magic:  3/6        EV: 12    Int: 21    God:
Gold:   85         SH:  0    Dex: 11    Spells: 1/7 levels left

rFire   . . .      SeeInvis .   e - +0 dagger
rCold   . . .      Faith    .   (no shield)
rNeg    . . .      Spirit   .   a - +0 robe
rPois   .          Reflect  .   (helmet restricted)
rElec   .          Harm     .   (no cloak)
rCorr   .          Rampage  .   g - +0 pair of gloves
Will    .....                   (no boots)
Stlth   ++........              (no amulet)
HPRegen 0.08/turn               (no ring)
MPRegen 0.10/turn               (no ring)

@: slowed, very slow
A: antennae 1
a: no special abilities


You were on level 2 of the Dungeon.
You visited 1 branch of the dungeon, and saw 2 of its levels.

You collected 85 gold pieces.

Inventory:

Hand Weapons
 e - a +0 dagger (weapon)
Armour
 a - a +0 robe (worn)
 g - a +0 pair of gloves (worn)
Scrolls
 c - 3 scrolls of vulnerability {unknown}
 d - 2 scrolls of poison {unknown}
 f - a scroll of butterflies {unknown}


   Skills:
 + Level 0.8 Fighting
 + Level 2.4 Dodging
 + Level 2.4 Stealth
 + Level 2.5 Spellcasting
 + Level 4.3 Conjurations
 + Level 0.2 Hexes


You had one spell level left.
You knew the following spells:

 Your Spells              Type           Power      Damage    Failure   Level
a - Magic Dart            Conj           84%        1d7       2%          1
b - Searing Ray           Conj           42%        2d6       3%          2
c - Dazzling Flash        Conj/Hex       24%        N/A       16%         3

Your spell library contained the following spells:

 Spells                   Type           Power      Damage    Failure   Level
 Fulminant Prism          Conj/Hex       6%         3d7       47%         4
 Iskenderun's Mystic Bla  Conj/Tloc      11%        2d4       50%         4


Dungeon Overview and Level Annotations

Branches:
Dungeon (2/15)

Altars:

Annotations:
D:2 Jessica


Innate Abilities, Weirdness & Mutations

You have a pair of small antennae on your head.


Message History

You finish channelling your searing ray.
The ball python bites you but does no damage.
The ball python misses you. The rat barely misses you.
The ball python bites you. The ball python grabs you.
The ball python constricts you.
Jessica mumbles some strange words.
Jessica seems to speed up.
The rat bites you. Magic courses through your body.
Jessica points at you and mumbles some strange words.
You feel as though you will be slow longer.
The ball python loses its grip on you. The rat misses you.
Casting: Searing Ray (safe; 3% risk of failure)
Confirm with . or Enter, or press ? or * to list all spells.
Casting: Dazzling Flash (quite dangerous; 16% risk of failure)
Press: ? - help, Dir - look around, f - activate The ball python is dazzled. x2; The rat is dazzled.
The ball python barely misses you. The ball python misses you.
The rat bites you. The ball python misses you.
The ball python barely misses you. The rat misses you.
You strike the helpless ball python from behind!
You hit the ball python.
You kill the ball python!
Jessica gestures at you while chanting. Pain shoots through your body!
The ball python barely misses you.
Jessica mumbles something strange.
The rat barely misses you. The ball python closely misses you.
You are too injured to fight recklessly!
You are too injured to fight recklessly!
You are too injured to fight recklessly!
You are too injured to fight recklessly!
Casting: Dazzling Flash (quite dangerous; 16% risk of failure)
Confirm with . or Enter, or press ? or * to list all spells.
You don't know that spell.
Unknown command.
The rat is no longer blind.
Jessica hits you with a +0 dagger.
* * * LOW HITPOINT WARNING * * *
Jessica gestures at you while chanting. Pain shoots through your body!
Ouch! That really hurt!
You die...

.# #........# .#
#...######..#..# .#
#....# #..#..# .# #....#
#..#..# .# #....#
#..#..# .# #....#
#..#..# .####....#
#..#..###..
.....###.#####...r......
................@S)...>#
...†####.#......@#####.#
....# #.#.......# ....#
#.#.......#
....####.#.......#
.........#.......#
.................#
.........#.....#..
..........# ##


You could see Jessica (fast), a ball python (blind) and a rat.

Vanquished Creatures
  2 adders (D:2)
  A dart slug (D:1)
  5 ball pythons
  4 endoplasms
  5 giant cockroaches
  7 goblins
  3 hobgoblins
  5 bats
  3 kobolds
  8 rats
43 creatures vanquished.

Notes
Turn   | Place    | Note
-------+----------+-------------------------------------------
     0 | D:1      | croobank the Demonspawn Conjurer began the quest for the
                  | Orb.
     0 | D:1      | Reached XP level 1. HP: 13/13 MP: 3/3
   182 | D:1      | Gained mutation: You have a pair of small antennae on your
                  | head. [demonic ancestry]
   182 | D:1      | Reached XP level 2. HP: 15/19 MP: 0/5
   185 | D:1      | Learned a level 2 spell: Searing Ray
   374 | D:1      | Found a faded altar of an unknown god.
   897 | D:1      | Reached XP level 3. HP: 22/24 MP: 0/6
  1521 | D:2      | Learned a level 3 spell: Dazzling Flash
  1838 | D:2      | Noticed Jessica
  1850 | D:2      | Killed from afar by Jessica

Illustrated notes

Levels and vault maps discovered:
D:1:      lightli_molten_gateway, layout_loops_ring,
          dreamdust_ecumenical_altar_hidden_monk_grotto
D:2:      layout_basic, minmay_hexomino_c4, uniq_jessica

Skill      XL: |  1 |
---------------+----+-----
Dodging        | 2 |  2.4
Stealth        | 2 |  2.4
Fighting       | |  0.8
Spellcasting   | |  2.5
Conjurations   | |  4.3
Hexes          | |  0.2

Action                   || total
-------------------------++-------
Melee: Unarmed           ||     5
       Dagger            ||     5
 Cast: Magic Dart        ||    38
       Searing Ray       ||    16
       Dazzling Flash    ||     1
  Use: Potion            ||     1
 Stab: Invisible         ||     1
Armor: Robe              ||     8
Dodge: Dodged            ||    26
